 Dungeon Crawl Stone Soup version 0.31-a0-981-geadf994542 (webtiles) character file.

Game seed: 98300285810980764

134 Hooloovoo the Skirmisher (level 5, -3/43 HPs)
             Began as a Gnoll Hunter on Nov 2, 2023.
             Slain by Pikel
             ... wielding a +1 whip of electrocution
              (15 damage)
             ... on level 4 of the Dungeon.
             The game lasted 00:23:49 (2219 turns).

Hooloovoo the Skirmisher (Gnoll Hunter)             Turns: 2219, Time: 00:23:51

Health: -3/43      AC: 10    Str: 11    XL:     5   Next: 17%
Magic:  7/7        EV:  7    Int:  8    God:
Gold:   124        SH:  0    Dex: 17    Spells: 6/6 levels left

rFire   . . .        a - +0 shortbow
rCold   + . .        (shield currently unavailable)
rNeg    . . .        n - +0 chain mail
rPois   .            q - +2 hat
rElec   .            (no cloak)
rCorr   .            (no gloves)
SInv    .            (no boots)
Will    .....        (no amulet) Stlth
                     d - ring of protection from cold
HPRegen 0.27/turn    (no ring)
MPRegen 0.10/turn

%: no passive effects
@: no status effects
A: fangs 1, strong nose, distributed training
a: no special abilities


You were on level 4 of the Dungeon.
You visited 1 branch of the dungeon, and saw 4 of its levels.

You collected 124 gold pieces.

Inventory:

Hand Weapons
 a - a +0 shortbow (weapon)
 j - a +0 spear
 r - a +0 long sword
Missiles
 h - 4 datura-tipped darts (quivered)
 p - 3 boomerangs
Armour
 c - a +0 leather armour
 n - a +0 chain mail (worn)
 q - a +2 hat (worn)
 x - a +0 helmet
Magical Staves
 t - a staff of air
Jewellery
 d - a ring of protection from cold (left hand)
Wands
 s - a wand of digging (8)
Scrolls
 e - 6 scrolls of identify {unknown}
 f - 2 scrolls of vulnerability {unknown}
 g - a scroll of blinking {unknown}
 i - a scroll of enchant armour {unknown}
 l - a scroll of noise {unknown}
 m - 3 scrolls of teleportation {unknown}
 v - a scroll of immolation {unknown}
 w - a scroll of torment {unknown}
Potions
 k - 2 potions of curing {unknown}
 o - a potion of degeneration {unknown}
 u - a potion of haste {unknown}


   Skills:
 + Level 4.7 Fighting
 + Level 1.4 Short Blades
 + Level 1.4 Long Blades
 + Level 1.4 Axes
 + Level 1.4 Maces & Flails
 + Level 1.4 Polearms
 + Level 1.4 Staves
 + Level 8.6 Ranged Weapons
 + Level 1.4 Throwing
 + Level 1.4 Armour
 + Level 4.7 Dodging
 + Level 2.7 Stealth
 + Level 1.4 Shields
 + Level 1.4 Unarmed Combat
 + Level 1.4 Spellcasting
 + Level 1.1 Conjurations
 + Level 1.1 Hexes
 + Level 1.1 Summonings
 + Level 1.1 Necromancy
 + Level 1.1 Translocations
 + Level 1.1 Transmutations
 + Level 1.1 Fire Magic
 + Level 1.1 Ice Magic
 + Level 1.1 Air Magic
 + Level 1.1 Earth Magic
 + Level 1.1 Poison Magic
 + Level 1.6 Invocations
 + Level 1.4 Evocations
 + Level 1.3 Shapeshifting


You had 6 spell levels left.
You didn't know any spells.
Your spell library contained the following spells:

 Spells                   Type           Power      Damage    Failure   Level
 Magic Dart               Conj           8%         1d3       100%        1
 Searing Ray              Conj           4%         2d4       100%        2
 Fulminant Prism          Conj/Hex       1%         3d5       100%        4


Dungeon Overview and Level Annotations

Branches:
Dungeon (4/15)             Temple (0/1) D:4

Altars:
Okawaru
Uskayaw

Annotations:
D:4 Pikel


Innate Abilities, Weirdness & Mutations

You have very sharp teeth.
Your uncanny sense of smell can sniff out nearby items.
Your experience applies equally to all skills.


Message History

You shoot an arrow. The arrow closely misses the lemure. x2
The arrow misses Pikel.
The arrow barely misses the lemure.
The arrow hits the lemure.
The lemure is lightly wounded.
The lemure hits you!
Fire: a) +0 shortbow
Press: ? - help, Shift-Dir - straight line, f/p - Pikel
Aim: Pikel, wielding a +1 whip of electrocution and wearing a +0 robe (60% to hit)
You shoot an arrow. The arrow barely misses the lemure.
The arrow hits the lemure.
The lemure is lightly wounded.
The lemure completely misses you. The lemure hits you.
Fire: a) +0 shortbow
Press: ? - help, Shift-Dir - straight line, f/p - Pikel
Aim: Pikel, wielding a +1 whip of electrocution and wearing a +0 robe (60% to hit)
You shoot an arrow. The arrow closely misses the lemure.
The arrow hits Pikel.
Pikel is lightly wounded.
The lemure hits you.
Fire: a) +0 shortbow
Press: ? - help, Shift-Dir - straight line, f/p - Pikel
Aim: Pikel, wielding a +1 whip of electrocution and wearing a +0 robe (lightly wounded, 60% to hit)
You shoot an arrow. The arrow hits the lemure!
The lemure is severely wounded.
The lemure hits you but does no damage.
You don't know any spells.
Fire: a) +0 shortbow
Press: ? - help, Shift-Dir - straight line, f/p - Pikel
Aim: Pikel, wielding a +1 whip of electrocution and wearing a +0 robe (lightly wounded, 60% to hit)
You shoot an arrow. The arrow hits Pikel.
Pikel is lightly wounded.
Pikel hits you but does no damage.
As you read the scroll of butterflies, it crumbles to dust.
You hear the flapping of tiny wings.
The lemure is knocked back by the sudden gust.
Pikel is knocked back by the sudden gust.
Pikel hits you with a +1 whip of electrocution.
* * * LOW HITPOINT WARNING * * *
You are electrocuted!
You die...
Pikel says, "See you in Hell!"

.# #...........#..... .#
###.######....+..... .#
##...........[##.....
####.....######.........
.........#⌠...##5#.(....
......8+8#.._..#55.###..
......#.######.#5###
......#..'.....#K#
......#..'.....#@#
......#.######.#b##
......8'8#.)_..#bb#
.........#⌠...##bb#
.........######bbb#
#####..........bbb#
.....####........#
###### #.......##
#.......#


You could see Pikel (ally target) and 4 lemures.

Vanquished Creatures
  Natasha (twice) (D:4)
  An iguana (D:4)
  3 worms
  2 dart slugs
  5 orcs
  5 ball pythons
  3 endoplasms
  A giant cockroach (D:3)
  6 goblins
  A hobgoblin (D:4)
  A quokka (D:1)
  3 bats
  3 frilled lizards
  4 kobolds
  2 rats
42 creatures vanquished.

Notes
Turn   | Place    | Note
-------+----------+-------------------------------------------
     0 | D:1      | Hooloovoo the Gnoll Hunter began the quest for the Orb.
     0 | D:1      | Reached XP level 1. HP: 20/20 MP: 1/1
   249 | D:1      | Reached XP level 2. HP: 26/26 MP: 2/2
  1161 | D:2      | Reached XP level 3. HP: 30/31 MP: 3/3
  1454 | D:3      | Reached skill level 1 in Invocations
  1880 | D:3      | Reached skill level 1 in Short Blades
  1880 | D:3      | Reached skill level 1 in Long Blades
  1880 | D:3      | Reached skill level 1 in Axes
  1880 | D:3      | Reached skill level 1 in Maces & Flails
  1880 | D:3      | Reached skill level 1 in Polearms
  1880 | D:3      | Reached skill level 1 in Staves
  1880 | D:3      | Reached skill level 1 in Throwing
  1880 | D:3      | Reached skill level 1 in Armour
  1880 | D:3      | Reached skill level 1 in Shields
  1880 | D:3      | Reached skill level 1 in Unarmed Combat
  1880 | D:3      | Reached skill level 1 in Spellcasting
  1880 | D:3      | Reached skill level 1 in Evocations
  1976 | D:4      | Noticed Natasha
  1981 | D:4      | Reached skill level 1 in Shapeshifting
  1981 | D:4      | Reached XP level 4. HP: 38/38 MP: 5/5
  1986 | D:4      | Killed Natasha
  1987 | D:4      | Reached skill level 1 in Conjurations
  1987 | D:4      | Reached skill level 1 in Hexes
  1987 | D:4      | Reached skill level 1 in Summonings
  1987 | D:4      | Reached skill level 1 in Necromancy
  1987 | D:4      | Reached skill level 1 in Translocations
  1987 | D:4      | Reached skill level 1 in Transmutations
  1987 | D:4      | Reached skill level 1 in Fire Magic
  1987 | D:4      | Reached skill level 1 in Ice Magic
  1987 | D:4      | Reached skill level 1 in Air Magic
  1987 | D:4      | Reached skill level 1 in Earth Magic
  1987 | D:4      | Reached skill level 1 in Poison Magic
  1993 | D:4      | Noticed Natasha
  2001 | D:4      | Killed Natasha
  2002 | D:4      | Reached XP level 5. HP: 34/43 MP: 5/7
  2039 | D:4      | Found a large runed translucent door.
  2040 | D:4      | Found a large runed translucent door.
  2055 | D:4      | Found an iron altar of Okawaru.
  2065 | D:4      | Found a hide-covered altar of Uskayaw.
  2142 | D:4      | Found a staircase to the Ecumenical Temple.
  2161 | D:4      | Noticed a lemure
  2161 | D:4      | Noticed a lemure
  2194 | D:4      | Noticed a lemure
  2194 | D:4      | Noticed a lemure
  2195 | D:4      | Noticed Pikel
  2219 | D:4      | Slain by Pikel

Illustrated notes

Levels and vault maps discovered:
D:1:      saegor_arrival_miasma, layout_loops_ring
D:2:      layout_loops_ring
D:3:      layout_basic
D:4:      layout_basic, jmf_multi_god_temple2, minmay_temple_entry_sparse_star,
          gup_sewer_entry_glass, nicolae_elevator_lobby_plus, uniq_pikel,
          uniq_natasha

Skill      XL: |  1  2  3  4 |
---------------+-------------+-----
Invocations    | 1 |  1.6
Short Blades   | 1 |  1.4
Long Blades    | 1 |  1.4
Axes           | 1 |  1.4
Maces & Flails | 1 |  1.4
Polearms       | 1 |  1.4
Staves         | 1 |  1.4
Throwing       | 1 |  1.4
Armour         | 1 |  1.4
Shields        | 1 |  1.4
Unarmed Combat | 1 |  1.4
Spellcasting   | 1 |  1.4
Evocations     | 1 |  1.4
Shapeshifting  | 1 |  1.3
Conjurations   | 1 |  1.1
Hexes          | 1 |  1.1
Summonings     | 1 |  1.1
Necromancy     | 1 |  1.1
Translocations | 1 |  1.1
Transmutations | 1 |  1.1
Fire Magic     | 1 |  1.1
Ice Magic      | 1 |  1.1
Air Magic      | 1 |  1.1
Earth Magic    | 1 |  1.1
Poison Magic   | 1 |  1.1
Fighting       | |  4.7
Ranged Weapons | |  8.6
Dodging        | |  4.7
Stealth        | |  2.7

Action                     |  1- 3 |  4- 6 || total
---------------------------+-------+-------++-------
   Fire: Shortbow          |   107 |    31 ||   138
    Use: Scroll            |       |     1 ||     1
 Armour: Leather armour    |     4 |       ||     4
         Chain mail        |    24 |    42 ||    66
  Dodge: Dodged            |    16 |    11 ||    27

Table legend: (Time is in decaauts)
 A = Elapsed time spent in this place.
 B = Non-inter-level travel time spent in this place.
 C = Inter-level travel time spent in this place.
 D = Time resting spent in this place.
 E = Time spent auto-exploring this place.
 F = Levels seen in this place.
 G = Mean time per level.
                   A        B        C        D        E       F      G
               +--------+--------+--------+--------+--------+-----+--------+
         Total |   2276 |    353 |   1923 |      0 |      0 |   4 |  569.0 |
       Dungeon |   2276 |    353 |   1923 |      0 |      0 |   4 |  569.0 |
               +--------+--------+--------+--------+--------+-----+--------+

Top non-repeatable levels by time:
     D:1: 740 daAuts
     D:2: 671 daAuts
     D:3: 511 daAuts
     D:4: 353 daAuts
